 Dungeon Crawl Stone Soup version 0.29-a0-222-g5b244fca1f (webtiles) character file.

Game seed: 12858375334725189521

75 enile the Skirmisher (level 4, -4/37 HPs)
             Began as a Djinni Fire Elementalist on Feb 27, 2022.
             Slain by a phantom (9 damage)
             ... on level 4 of the Dungeon.
             The game lasted 00:01:51 (4142 turns).

enile the Skirmisher (Djinni Fire Elementalist)     Turns: 4142, Time: 00:01:52

Health: -4/37      AC:  2    Str:  7    XL:     4   Next: 55%
Gold:   148        EV: 12    Int: 18    God:
                   SH:  0    Dex: 14

rFire   + + .      SeeInvis .   (no weapon)
rCold   x . .      Faith    .   (no shield)
rNeg    . . .      Spirit   .   a - +0 robe
rPois   ∞          Reflect  .   (no helmet)
rElec   .          Harm     .   (no cloak)
rCorr   .          Rampage  .   (no gloves)
Will    .....                   (boots unavailable)
Stlth   ++........              (no amulet)
HPRegen 0.12/turn               (no ring)
MPRegen 0.00/turn               (no ring)

@: flying
A: sickness immunity, fire resistance 2, cold vulnerability 1, float, innate
caster, HP casting, extra vitality 1
a: no special abilities


You were on level 4 of the Dungeon.
You visited 1 branch of the dungeon, and saw 4 of its levels.

You collected 148 gold pieces.

Inventory:

Armour
 a - a +0 robe (worn)
Scrolls
 b - 3 scrolls of teleportation {unknown}
 c - 2 scrolls of enchant weapon {unknown}
 f - a scroll of amnesia {unknown}
 g - 4 scrolls of identify {unknown}
 h - a scroll of magic mapping {unknown}
 l - 3 scrolls of immolation {unknown}
 m - 3 scrolls of vulnerability {unknown}
 p - a scroll of fog {unknown}
 q - a scroll of silence {unknown}
Potions
 d - 4 potions of curing {unknown}
 i - a potion of magic {unknown}
 j - a potion of lignification {unknown}
 k - a potion of haste {unknown}
 n - a potion of ambrosia {unknown}
 o - 2 potions of heal wounds {unknown}


   Skills:
 + Level 3.8 Fighting
 - Level 2.1 Dodging
 - Level 1.5 Stealth
 - Level 2.4 Spellcasting


You couldn't memorise any spells.
You knew the following spells:

 Your Spells              Type           Power      Damage    Failure   Level
a - Foxfire               Conj/Fire      40%        2x1d6     6%          1
b - Scorch                Fire           20%        2d6       10%         2
c - Conjure Flame         Conj/Fire      10%        6-21      19%         3
d - Inner Flame           Hex/Fire       10%        N/A       19%         3
e - Flame Wave            Conj/Fire      10%        2d5       54%         4
f - Slow                  Hex            40%        N/A       6%          1
Your spell library was empty.

Dungeon Overview and Level Annotations

Branches:
Dungeon (4/15)
 Temple: D:4-7

Altars:
Uskayaw

Annotations:
D:3 2 runed translucent doors, Esekla's ghost, amateur FoIE


Innate Abilities, Weirdness & Mutations

You are immune to sickness and miasma.
You are immune to poison.
Your flesh is very heat resistant. (rF++)
You are vulnerable to cold. (rC-)
You float through the air rather than walking.
You learn spells naturally, not from books.
Your magical power is your life essence.
You have superior vitality. (+4 MHP)


Message History

The phantom is moderately damaged.
The foxfire hits the phantom.
The phantom is moderately damaged.
The phantom hits you.
The phantom blinks!
You blink.
A gnoll sergeant and 4 gnolls come into view.
Found a scroll labelled IMACLODECA.
There are monsters nearby!
Casting: Foxfire (safe; 6% risk of failure)
Confirm with . or Enter, or press ? or * to list all spells.
You conjure some foxfire!
The gnoll shouts! x4
The phantom hits you. The gnoll closely misses you.
The gnoll completely misses you.
The foxfire hits the phantom but does no damage.
The phantom is moderately damaged.
The foxfire hits the gnoll sergeant but does no damage.
The gnoll sergeant hits you from afar with a +0 spear.
The phantom hits you.
The phantom blinks!
You blink.
A ball python comes into view.
The phantom hits you. The phantom closely misses you.
The gnoll throws a throwing net.
The throwing net closely misses you.
The gnoll throws a throwing net.
The throwing net hits you.
You become entangled in the net!
There is a stone staircase leading up here.
You see here a throwing net.
You struggle against the net.
The phantom hits you.
The phantom blinks!
You blink.
The gnoll hits you from afar with a +0 spear.
* * * LOW HITPOINT WARNING * * *
An endoplasm comes into view.
Sorry, you're not good enough to have a special ability.
Blink to where?
Press: ? - help, Dir - move target
As you read the scroll labelled TENAQOU ENOMI, it crumbles to dust.
It was a scroll of blinking.
The phantom closely misses you. The gnoll hits you with a +0 flail.
* * * LOW HITPOINT WARNING * * *
The gnoll closely misses you. The phantom hits you!
You die...

#..PP..P.....#...
#...P...P........
#?.....P........S##
#.#.......#......=#
#........g.W..##.#
####......g......##
###....gg......##.
#...............
##.....W@.......
#..##.g........
##.####(....... ###
...#....# ...#...##
(.... .## ...... .
....####..


You could see 2 phantoms, a gnoll sergeant and 4 gnolls.

Vanquished Creatures
  3 worms (D:2)
  A dart slug (D:2)
  An orc (D:3)
  5 ball pythons
  5 endoplasms
  3 giant cockroaches (D:2)
  4 goblins
  4 hobgoblins
  12 kobolds
  4 quokkas (D:2)
  6 bats
  6 frilled lizards
  4 rats
58 creatures vanquished.

Vanquished Creatures (others)
  301 foxfires
301 creatures vanquished.

Grand Total: 359 creatures vanquished

Notes
Turn   | Place    | Note
-------+----------+-------------------------------------------
     0 | D:1      | enile the Djinni Fire Elementalist began the quest for the
                  | Orb.
     0 | D:1      | Reached XP level 1. HP: 15/15 MP: 0/0
   497 | D:1      | Reached skill level 1 in Fighting
   629 | D:1      | Reached XP level 2. HP: 20/22 MP: 0/0
  1059 | D:1      | Reached skill level 2 in Fighting
  1619 | D:2      | Reached XP level 3. HP: 26/29 MP: 0/0
  1619 | D:2      | Learned a level 1 spell: Slow
  2367 | D:2      | Reached skill level 3 in Fighting
  2553 | D:2      | Reached XP level 4. HP: 31/35 MP: 0/0
  3371 | D:3      | Noticed a +0 dagger
  3372 | D:3      | Noticed a +0 spear
  3373 | D:3      | Noticed a +0 short sword
  3373 | D:3      | Noticed a +0 dagger
  3373 | D:3      | Noticed a +0 short sword
  3373 | D:3      | Noticed a +0 falchion
  3373 | D:3      | Noticed a +0 spear
  3375 | D:3      | Noticed a +0 falchion
  3386 | D:3      | Found a hide-covered altar of Uskayaw.
  4049 | D:3      | Found a large runed translucent door.
  4049 | D:3      | Found a large runed translucent door.
  4053 | D:3      | Noticed Esekla's ghost (amateur FoIE)
  4127 | D:4      | Noticed a phantom
  4127 | D:4      | Noticed a phantom
  4131 | D:4      | Noticed a gnoll sergeant
  4142 | D:4      | Slain by a phantom

Illustrated notes

Levels and vault maps discovered:
D:1:      dpeg_arrival_three_smaller_balls, layout_basic
D:2:      kennysheep_six_static_rooms, layout_basic, minmay_tromino_mix6
D:3:      minmay_spotlight, layout_basic, nicolae_uskayaw_en_pointe,
          ebering_ghost_disaster_area
D:4:      layout_cave_pools, nicolae_grassy_gnolls

Skill      XL: |  1  2  3 |
---------------+----------+-----
Fighting       | 1 2 3 |  3.8
Dodging        | |  2.1
Stealth        | |  1.5
Spellcasting   | |  2.4

Action                   |  1- 3 |  4- 6 || total
-------------------------+-------+-------++-------
Melee: Unarmed           |     9 |       ||     9
 Cast: Foxfire           |   104 |    82 ||   186
       Scorch            |     5 |     1 ||     6
  Use: Scroll            |       |     1 ||     1
Armor: Robe              |    12 |     1 ||    13
Dodge: Dodged            |    21 |    21 ||    42

Table legend: (Time is in decaauts)
 A = Elapsed time spent in this place.
 B = Non-inter-level travel time spent in this place.
 C = Inter-level travel time spent in this place.
 D = Time resting spent in this place.
 E = Time spent auto-exploring this place.
 F = Levels seen in this place.
 G = Mean time per level.
                   A        B        C        D        E       F      G
               +--------+--------+--------+--------+--------+-----+--------+
         Total |   4143 |   4023 |    120 |    174 |   3293 |   4 | 1035.8 |
       Dungeon |   4143 |   4023 |    120 |    174 |   3293 |   4 | 1035.8 |
               +--------+--------+--------+--------+--------+-----+--------+

Top non-repeatable levels by time:
     D:1: 1615 daAuts
     D:2: 1327 daAuts
     D:3: 1185 daAuts
     D:4: 14 daAuts
